 Dungeon Crawl Stone Soup version 0.29.1-2-gbd0b4ee654 (webtiles) character file.

Game seed: 6627558792141173038

189 Avanven the Chopper (level 5, -1/27 HPs)
             Began as a Vine Stalker Fighter on Nov 14, 2022.
             Slain by an ogre
             ... wielding a +0 giant club
              (28 damage)
             ... on level 4 of the Dungeon.
             The game lasted 00:04:17 (2684 turns).

Avanven the Chopper (Vine Stalker Fighter)          Turns: 2684, Time: 00:04:17

Health: -1/27      AC:  9    Str: 21    XL:     5   Next: 68%
Magic:  0/6        EV:  9    Int:  8    God:
Gold:   178        SH:  5    Dex: 19    Spells: 4/4 levels left

rFire   . . .      SeeInvis .   a - +1 war axe
rCold   . . .      Faith    .   c - +0 buckler
rNeg    . . .      Spirit   +   b - +0 scale mail
rPois   .          Reflect  .   (no helmet)
rElec   .          Harm     .   (no cloak)
rCorr   .          Rampage  .   o - +0 pair of gloves
Will    .....                   k - +0 pair of boots
Stlth   ..........              (no amulet)
HPRegen 0.89/turn               m - +6 ring of dexterity
MPRegen 0.10/turn               (no ring)

@: mighty, weak-willed
A: fangs 2, regeneration 1, magic shield, antimagic bite, no potion heal 2
a: no special abilities


You were on level 4 of the Dungeon.
You visited 1 branch of the dungeon, and saw 4 of its levels.

You collected 178 gold pieces.

Inventory:

Hand Weapons
 a - a +1 war axe (weapon)
Armour
 b - a +0 scale mail (worn)
 c - a +0 buckler (worn)
 k - a +0 pair of boots (worn)
 o - a +0 pair of gloves (worn)
Jewellery
 i - a ring of ice
 m - a +6 ring of dexterity (left hand)
 r - a ring of poison resistance
Wands
 j - a wand of acid (9)
Scrolls
 f - a scroll of summoning
 l - 3 scrolls of identify
 q - a scroll of noise {unknown}
Potions
 d - 2 potions of might
 e - a potion of ambrosia {unknown}
 g - 2 potions of curing
 h - a potion of attraction {unknown}
 n - a potion of brilliance {unknown}
 p - a potion of heal wounds {unknown}


   Skills:
 - Level 2.6 Fighting
 * Level 4.3 Axes
 + Level 3.5 Armour
 - Level 2.6 Shields


You had 4 spell levels left.
You didn't know any spells.
Your spell library contained the following spells:

 Spells                   Type           Power      Damage    Failure   Level
 Summon Forest            Summ/Tloc      0%         N/A       100%        5
 Eringya's Noxious Bog    Tmut/Pois      0%         N/A       100%        6
 Summon Hydra             Summ           0%         N/A       100%        7


Dungeon Overview and Level Annotations

Branches:
Dungeon (4/15)
 Temple: D:4-7

Altars:

Shops:
D:1 (


Innate Abilities, Weirdness & Mutations

You have extremely sharp teeth.
Your natural rate of healing is unusually fast.
When hurt, damage is shared between your health and your magic reserves.
Your bite disrupts and absorbs the magic of your enemies.
Potions cannot restore your health.


Message History

You block the ball python's attack. The goblin hits you but does no damage.
You slash the ball python!
You kill the ball python!
You hit the goblin but do no damage. You block the goblin's attack.
You closely miss the goblin. The goblin barely misses you.
You hit the goblin. You bite the goblin.
You kill the goblin!
No target in view!
No target in view!
No target in view!
No target in view!
No target in view!
No target in view!
No target in view!
No target in view!
No target in view!
No target in view!
No target in view!
No target in view!
No target in view!
No target in view!
No target in view!
No target in view!
No target in view!
There is a stone staircase leading down here.
You now have 178 gold pieces (gained 18).
q - a scroll labelled LEQILE LOCW You pick up a Fen Folio and begin reading...
You add the spells Summon Forest, Eringya's Noxious Bog and Summon Hydra to your library.
r - a ring of poison resistance A hobgoblin and an ogre come into view.
Found a stone staircase leading down.
The hobgoblin shouts!
There are monsters nearby!
You feel very mighty all of a sudden.
You slice the ogre!!
The ogre is severely wounded.
The ogre hits you with a +0 giant club!!
Ouch! That really hurt!
You die...

######## ## ##......## #.
##........#####.
#...............
##..........####.
######...........# #.
#..gO@...........# ##
####.#####..........#####
######....##
##...>....###...
.......g...# #...†.)..#
#.##
.......###...##..........#
#.:..#. ##.##...<........#
#... .. .#...........###
#.. #.g ♣.P♣........# ..
>.. ♣~♣♣♣.........


You could see an ogre and a hobgoblin.

Vanquished Creatures
  2 hounds (D:3)
  A jelly (D:3)
  A gnoll (D:3)
  3 adders
  A worm (D:2)
  4 dart slugs
  An orc (D:3)
  7 ball pythons
  3 bats
  6 endoplasms
  4 giant cockroaches
  4 goblins
  4 hobgoblins
  2 quokkas
  5 frilled lizards
  2 kobolds
  4 rats
54 creatures vanquished.

Vanquished Creatures (others)
  4 plants (D:4)
4 creatures vanquished.

Grand Total: 58 creatures vanquished

Notes
Turn   | Place    | Note
-------+----------+-------------------------------------------
     0 | D:1      | Avanven the Vine Stalker Fighter began the quest for the
                  | Orb.
     0 | D:1      | Reached XP level 1. HP: 11/11 MP: 2/2
   150 | D:1      | Reached skill level 2 in Axes
   157 | D:1      | Found Wegafor's Weapon Emporium.
   348 | D:1      | Reached XP level 2. HP: 16/16 MP: 3/3
   862 | D:1      | Reached XP level 3. HP: 16/19 MP: 2/4
  1194 | D:2      | Found a faded altar of an unknown god.
  1217 | D:2      | Reached skill level 3 in Axes
  1528 | D:2      | Gained mutation: Your natural rate of healing is unusually
                  | fast. [Vine Stalker growth]
  1528 | D:2      | Reached XP level 4. HP: 23/23 MP: 5/5
  2276 | D:3      | Reached skill level 4 in Axes
  2276 | D:3      | Reached XP level 5. HP: 23/27 MP: 3/6
  2675 | D:4      | Noticed an ogre
  2684 | D:4      | Slain by an ogre

Illustrated notes

Levels and vault maps discovered:
D:1:      dpeg_arrival_snail, layout_basic, serial_shops, nicolae_shop_trees,
          serial_glass, glass_columns_c, glass_columns_c, glass_columns_a,
          glass_columns_a, item_on_display_a
D:2:      layout_loops_cross, ebering_ecumenical_altar_box,
          nicolae_figureground_sparkle
D:3:      layout_basic, eino_curves_02, cheibrodos_gnoll_hut
D:4:      layout_rooms, chequers_temple_overflow_minitemple,
          serial_bayou_crossing

Skill      XL: |  1  2  3  4 |
---------------+-------------+-----
Axes           | 2 3 4 |  4.3
Armour         | 3 |  3.5
Fighting       | |  2.6
Shields        | |  2.6

Action                   |  1- 3 |  4- 6 || total
-------------------------+-------+-------++-------
Melee: War axe           |    79 |    36 ||   115
       Bite              |    13 |    14 ||    27
  Use: Scroll            |       |     7 ||     7
       Potion            |       |     1 ||     1
Armor: Scale mail        |    30 |    18 ||    48
Dodge: Dodged            |    32 |     6 ||    38
Block: Buckler           |    21 |     7 ||    28
